 Dungeon Crawl Stone Soup version 0.29-a0-323-g050149af67 (webtiles) character file.

Game seed: 5455516697192252429

106 experimilk the Cudgeller (level 4, -6/37 HPs)
             Began as a Palentonga Fighter on Apr 12, 2022.
             Mangled by a gnoll
             ... wielding a +0 halberd
              (14 damage)
             ... on level 3 of the Dungeon.
             The game lasted 00:09:08 (2705 turns).

experimilk the Cudgeller (Palentonga Fighter)       Turns: 2705, Time: 00:09:08

Health: -6/37      AC:  7    Str: 22    XL:     4   Next: 55%
Magic:  4/4        EV:  8    Int:  8    God:
Gold:   66         SH:  4    Dex:  9    Spells: 3/3 levels left

rFire   + . .      SeeInvis +   a - +0 flail
rCold   + . .      Faith    .   c - +0 buckler
rNeg    + . .      Spirit   .   i - +3 leather armour of Linlumer {rPois rF+ rC+ rN+}
rPois   +          Reflect  .   (no helmet)
rElec   .          Harm     .   (no cloak)
rCorr   .          Rampage  .   (no gloves)
Will    .....                   (no barding)
Stlth   +.........              (no amulet)
HPRegen 0.12/turn               (no ring)
MPRegen 0.09/turn               (no ring)

@: no status effects
A: large, rugged brown scales 3, see invisible, deformed body, roll 1, armoured
tail
a: Rolling Charge


You were on level 3 of the Dungeon.
You visited 1 branch of the dungeon, and saw 3 of its levels.

You collected 66 gold pieces.

Inventory:

Hand Weapons
 a - a +0 flail (weapon)
Armour
 c - a +0 buckler (worn)
 e - a +0 ring mail
 f - a +0 chain mail
 i - the +3 leather armour of Linlumer (worn) {rPois rF+ rC+ rN+}
   (You found it on level 2 of the Dungeon)

   rF:        It protects you from fire.
   rC:        It protects you from cold.
   rPois:     It protects you from poison.
   rN:        It protects you from negative energy.
 q - a +2 kite shield
Jewellery
 n - a ring of ice
Scrolls
 g - a scroll of enchant weapon {unknown}
 k - a scroll of blinking {unknown}
 l - a scroll of summoning {unknown}
Potions
 b - a potion of attraction
 d - 2 potions of heal wounds
 h - 3 potions of curing
 j - a potion of degeneration
 m - a potion of lignification
 o - a potion of cancellation
 p - a potion of ambrosia {unknown}


   Skills:
 - Level 3.0 Fighting
 + Level 4.9 Maces & Flails
 - Level 2.4 Armour
 - Level 2.4 Shields


You had 3 spell levels left.
You didn't know any spells.
Your spell library contained the following spells:

 Spells                   Type           Power      Damage    Failure   Level
 Animate Skeleton         Necr           0%         N/A       54%         1
 Pain                     Necr           0%         1d4       54%         1
 Vampiric Draining        Necr           0%         2d6       88%         3


Dungeon Overview and Level Annotations

Branches:
Dungeon (3/15)

Altars:
Dithmenos


Innate Abilities, Weirdness & Mutations

You are completely covered in rugged brown scales. (AC +3, +7% HP)
You have supernaturally acute eyesight. (SInv)
Armour fits poorly on your strangely shaped body.
You can roll at nearby foes to attack.
You have a long armoured tail.


Message History

There is a stone staircase leading up here.
You start resting.
HP restored.
You now have 66 gold pieces (gained 10).
A rat comes into view.
There's nothing you can charge at!
Roll where?
Press: ? - help, Dir - move target, f - rat
Aim: a rat You roll forward with a clatter of scales!
You hit the rat.
You kill the rat!
Unknown command.
You open the door.
There is an open door here.
You open the door.
There is an open door here.
Roll where?
Press: ? - help, Dir - move target, f - gnoll
Aim: a gnoll, wielding a +0 halberd You roll forward with a clatter of scales!
You closely miss the gnoll.
You hear a shout! x2
The gnoll hits you with a +0 halberd!
You closely miss the gnoll. The gnoll hits you with a +0 halberd.
You hit the gnoll but do no damage. The gnoll hits you with a +0 halberd.
You sock the gnoll!
The gnoll is severely wounded.
The gnoll barely misses you. You block the gnoll's attack.
You closely miss the gnoll.
The gnoll is severely wounded.
You block the gnoll's attack.
You barely miss the gnoll.
The gnoll is severely wounded.
The gnoll hits you with a +0 halberd!
* * * LOW HITPOINT WARNING * * *
You hit the gnoll.
The gnoll is almost dead.
The gnoll hits you from afar with a +0 halberd!
You die...

#.#........+ #.#........##..+
#.###+#.#.## ..# #.# #.#.# ..#
...# ..' .#. ##.# #####.. .g+
....... ##.....# #g#
............# #......+ #@#
...........# ##......####. #.#
#..........# ............. #.#
#..........# #......######.#
#..........# #......##...#.#
###..........# .###......##...#.#
#.'.....†....# ...'.............#
#.#..........#
####.............###.#.......##.#
...'.............'...#.#.........


You could see 2 gnolls.

Vanquished Creatures
  An iguana (D:3)
  2 adders
  3 dart slugs
  An orc (D:2)
  9 ball pythons
  4 endoplasms
  2 giant cockroaches (D:1)
  2 goblins
  5 hobgoblins
  2 jackals (D:1)
  3 kobolds
  2 quokkas (D:1)
  8 bats
  5 frilled lizards
  4 rats
53 creatures vanquished.

Notes
Turn   | Place    | Note
-------+----------+-------------------------------------------
     0 | D:1      | experimilk the Palentonga Fighter began the quest for the
                  | Orb.
     0 | D:1      | Reached XP level 1. HP: 19/19 MP: 1/1
   124 | D:1      | Reached XP level 2. HP: 25/25 MP: 2/2
   174 | D:1      | Found a faded altar of an unknown god.
   262 | D:1      | Reached skill level 3 in Maces & Flails
   902 | D:1      | Reached XP level 3. HP: 31/31 MP: 3/3
  1577 | D:2      | Found a shadowy altar of Dithmenos.
  1773 | D:2      | Reached skill level 4 in Maces & Flails
  1837 | D:2      | Identified the +3 leather armour of Linlumer {rPois rF+ rC+
                  | rN+}
  2331 | D:3      | Reached XP level 4. HP: 37/37 MP: 4/4
  2705 | D:3      | Mangled by a gnoll

Illustrated notes

Levels and vault maps discovered:
D:1:      onia_arrival_pyramid, layout_basic, shapermc_ecumenical_altar_petra
D:2:      layout_basic, basic_altar, grunt_ministairs_9
D:3:      layout_basic, minmay_bisected

Skill      XL: |  1  2  3 |
---------------+----------+-----
Maces & Flails | 3 4 |  4.9
Fighting       | |  3.0
Armour         | |  2.4
Shields        | |  2.4

Action                   |  1- 3 |  4- 6 || total
-------------------------+-------+-------++-------
Melee: Flail             |   104 |    32 ||   136
       Tailslap          |    13 |     1 ||    14
 Abil: Rolling Charge    |    36 |     7 ||    43
  Use: Potion            |     1 |       ||     1
       Scroll            |     6 |       ||     6
Armor: Ring mail         |    48 |       ||    48
       Leather armour    |     8 |     6 ||    14
Dodge: Dodged            |    38 |     7 ||    45
Block: Buckler           |    17 |     4 ||    21

Table legend: (Time is in decaauts)
 A = Elapsed time spent in this place.
 B = Non-inter-level travel time spent in this place.
 C = Inter-level travel time spent in this place.
 D = Time resting spent in this place.
 E = Time spent auto-exploring this place.
 F = Levels seen in this place.
 G = Mean time per level.
                   A        B        C        D        E       F      G
               +--------+--------+--------+--------+--------+-----+--------+
         Total |   2741 |   2577 |    164 |    565 |   1219 |   3 |  913.7 |
       Dungeon |   2741 |   2577 |    164 |    565 |   1219 |   3 |  913.7 |
               +--------+--------+--------+--------+--------+-----+--------+

Top non-repeatable levels by time:
     D:1: 1279 daAuts
     D:2: 942 daAuts
     D:3: 520 daAuts
